Workbook

Sheet Préstamos
A1: nombre | B1: telefono | C1: email | D1: saldo | E1: estatus | F1: folio | G1: fecha_de_entrega | H1: monto_prestado | I1: frecuencia | J1: numero_de_pagos | K1: pago_fijo | L1: total_a_pagar | M1: abonado | N1: pagos_que_ya_tocaban | O1: atraso | P1: proximo_pago
A2: Marta Ríos | B2: +52 55 0000 0041 | D2: =IF(F2="","",MAX(0,L2-M2)) | E2: activo | F2: P-001 | G2: 46272 | H2: 5000 | I2: semanal | J2: 12 | K2: 520 | L2: =IF(F2="","",K2*J2) | M2: =IF(F2="","",SUMIF(Abonos!$B$2:$B$2000,F2,Abonos!$C$2:$C$2000)) | N2: =IF(F2="","",MIN(J2,MAX(0,INT((TODAY()-G2)/IF(I2="diaria",1,IF(I2="semanal",7,IF(I2="quincenal",15.2,30.4))))))) | O2: =IF(F2="","",MAX(0,N2*K2-M2)) | P2: =IF(F2="","",IF(N2>=J2,"",G2+ROUND((N2+1)*IF(I2="diaria",1,IF(I2="semanal",7,IF(I2="quincenal",15.2,30.4))),0)))
A3: José Luna | B3: +52 55 0000 0042 | C3: jose@ejemplo.com | D3: =IF(F3="","",MAX(0,L3-M3)) | E3: vencido | F3: P-002 | G3: 46237 | H3: 3000 | I3: diaria | J3: 30 | K3: 120 | L3: =IF(F3="","",K3*J3) | M3: =IF(F3="","",SUMIF(Abonos!$B$2:$B$2000,F3,Abonos!$C$2:$C$2000)) | N3: =IF(F3="","",MIN(J3,MAX(0,INT((TODAY()-G3)/IF(I3="diaria",1,IF(I3="semanal",7,IF(I3="quincenal",15.2,30.4))))))) | O3: =IF(F3="","",MAX(0,N3*K3-M3)) | P3: =IF(F3="","",IF(N3>=J3,"",G3+ROUND((N3+1)*IF(I3="diaria",1,IF(I3="semanal",7,IF(I3="quincenal",15.2,30.4))),0)))
A4: Abarrotes La Esquina | B4: +52 55 0000 0043 | D4: =IF(F4="","",MAX(0,L4-M4)) | E4: activo | F4: P-003 | G4: 46249 | H4: 12000 | I4: quincenal | J4: 12 | K4: 1180 | L4: =IF(F4="","",K4*J4) | M4: =IF(F4="","",SUMIF(Abonos!$B$2:$B$2000,F4,Abonos!$C$2:$C$2000)) | N4: =IF(F4="","",MIN(J4,MAX(0,INT((TODAY()-G4)/IF(I4="diaria",1,IF(I4="semanal",7,IF(I4="quincenal",15.2,30.4))))))) | O4: =IF(F4="","",MAX(0,N4*K4-M4)) | P4: =IF(F4="","",IF(N4>=J4,"",G4+ROUND((N4+1)*IF(I4="diaria",1,IF(I4="semanal",7,IF(I4="quincenal",15.2,30.4))),0)))
A5: Carmen Vega | B5: +52 55 0000 0044 | D5: =IF(F5="","",MAX(0,L5-M5)) | E5: activo | F5: P-004 | G5: 46174 | H5: 20000 | I5: mensual | J5: 10 | K5: 2450 | L5: =IF(F5="","",K5*J5) | M5: =IF(F5="","",SUMIF(Abonos!$B$2:$B$2000,F5,Abonos!$C$2:$C$2000)) | N5: =IF(F5="","",MIN(J5,MAX(0,INT((TODAY()-G5)/IF(I5="diaria",1,IF(I5="semanal",7,IF(I5="quincenal",15.2,30.4))))))) | O5: =IF(F5="","",MAX(0,N5*K5-M5)) | P5: =IF(F5="","",IF(N5>=J5,"",G5+ROUND((N5+1)*IF(I5="diaria",1,IF(I5="semanal",7,IF(I5="quincenal",15.2,30.4))),0)))
D6: =IF(F6="","",MAX(0,L6-M6)) | L6: =IF(F6="","",K6*J6) | M6: =IF(F6="","",SUMIF(Abonos!$B$2:$B$2000,F6,Abonos!$C$2:$C$2000)) | N6: =IF(F6="","",MIN(J6,MAX(0,INT((TODAY()-G6)/IF(I6="diaria",1,IF(I6="semanal",7,IF(I6="quincenal",15.2,30.4))))))) | O6: =IF(F6="","",MAX(0,N6*K6-M6)) | P6: =IF(F6="","",IF(N6>=J6,"",G6+ROUND((N6+1)*IF(I6="diaria",1,IF(I6="semanal",7,IF(I6="quincenal",15.2,30.4))),0)))
D7: =IF(F7="","",MAX(0,L7-M7)) | L7: =IF(F7="","",K7*J7) | M7: =IF(F7="","",SUMIF(Abonos!$B$2:$B$2000,F7,Abonos!$C$2:$C$2000)) | N7: =IF(F7="","",MIN(J7,MAX(0,INT((TODAY()-G7)/IF(I7="diaria",1,IF(I7="semanal",7,IF(I7="quincenal",15.2,30.4))))))) | O7: =IF(F7="","",MAX(0,N7*K7-M7)) | P7: =IF(F7="","",IF(N7>=J7,"",G7+ROUND((N7+1)*IF(I7="diaria",1,IF(I7="semanal",7,IF(I7="quincenal",15.2,30.4))),0)))
D8: =IF(F8="","",MAX(0,L8-M8)) | L8: =IF(F8="","",K8*J8) | M8: =IF(F8="","",SUMIF(Abonos!$B$2:$B$2000,F8,Abonos!$C$2:$C$2000)) | N8: =IF(F8="","",MIN(J8,MAX(0,INT((TODAY()-G8)/IF(I8="diaria",1,IF(I8="semanal",7,IF(I8="quincenal",15.2,30.4))))))) | O8: =IF(F8="","",MAX(0,N8*K8-M8)) | P8: =IF(F8="","",IF(N8>=J8,"",G8+ROUND((N8+1)*IF(I8="diaria",1,IF(I8="semanal",7,IF(I8="quincenal",15.2,30.4))),0)))
D9: =IF(F9="","",MAX(0,L9-M9)) | L9: =IF(F9="","",K9*J9) | M9: =IF(F9="","",SUMIF(Abonos!$B$2:$B$2000,F9,Abonos!$C$2:$C$2000)) | N9: =IF(F9="","",MIN(J9,MAX(0,INT((TODAY()-G9)/IF(I9="diaria",1,IF(I9="semanal",7,IF(I9="quincenal",15.2,30.4))))))) | O9: =IF(F9="","",MAX(0,N9*K9-M9)) | P9: =IF(F9="","",IF(N9>=J9,"",G9+ROUND((N9+1)*IF(I9="diaria",1,IF(I9="semanal",7,IF(I9="quincenal",15.2,30.4))),0)))
D10: =IF(F10="","",MAX(0,L10-M10)) | L10: =IF(F10="","",K10*J10) | M10: =IF(F10="","",SUMIF(Abonos!$B$2:$B$2000,F10,Abonos!$C$2:$C$2000)) | N10: =IF(F10="","",MIN(J10,MAX(0,INT((TODAY()-G10)/IF(I10="diaria",1,IF(I10="semanal",7,IF(I10="quincenal",15.2,30.4))))))) | O10: =IF(F10="","",MAX(0,N10*K10-M10)) | P10: =IF(F10="","",IF(N10>=J10,"",G10+ROUND((N10+1)*IF(I10="diaria",1,IF(I10="semanal",7,IF(I10="quincenal",15.2,30.4))),0)))
D11: =IF(F11="","",MAX(0,L11-M11)) | L11: =IF(F11="","",K11*J11) | M11: =IF(F11="","",SUMIF(Abonos!$B$2:$B$2000,F11,Abonos!$C$2:$C$2000)) | N11: =IF(F11="","",MIN(J11,MAX(0,INT((TODAY()-G11)/IF(I11="diaria",1,IF(I11="semanal",7,IF(I11="quincenal",15.2,30.4))))))) | O11: =IF(F11="","",MAX(0,N11*K11-M11)) | P11: =IF(F11="","",IF(N11>=J11,"",G11+ROUND((N11+1)*IF(I11="diaria",1,IF(I11="semanal",7,IF(I11="quincenal",15.2,30.4))),0)))
D12: =IF(F12="","",MAX(0,L12-M12)) | L12: =IF(F12="","",K12*J12) | M12: =IF(F12="","",SUMIF(Abonos!$B$2:$B$2000,F12,Abonos!$C$2:$C$2000)) | N12: =IF(F12="","",MIN(J12,MAX(0,INT((TODAY()-G12)/IF(I12="diaria",1,IF(I12="semanal",7,IF(I12="quincenal",15.2,30.4))))))) | O12: =IF(F12="","",MAX(0,N12*K12-M12)) | P12: =IF(F12="","",IF(N12>=J12,"",G12+ROUND((N12+1)*IF(I12="diaria",1,IF(I12="semanal",7,IF(I12="quincenal",15.2,30.4))),0)))
D13: =IF(F13="","",MAX(0,L13-M13)) | L13: =IF(F13="","",K13*J13) | M13: =IF(F13="","",SUMIF(Abonos!$B$2:$B$2000,F13,Abonos!$C$2:$C$2000)) | N13: =IF(F13="","",MIN(J13,MAX(0,INT((TODAY()-G13)/IF(I13="diaria",1,IF(I13="semanal",7,IF(I13="quincenal",15.2,30.4))))))) | O13: =IF(F13="","",MAX(0,N13*K13-M13)) | P13: =IF(F13="","",IF(N13>=J13,"",G13+ROUND((N13+1)*IF(I13="diaria",1,IF(I13="semanal",7,IF(I13="quincenal",15.2,30.4))),0)))
D14: =IF(F14="","",MAX(0,L14-M14)) | L14: =IF(F14="","",K14*J14) | M14: =IF(F14="","",SUMIF(Abonos!$B$2:$B$2000,F14,Abonos!$C$2:$C$2000)) | N14: =IF(F14="","",MIN(J14,MAX(0,INT((TODAY()-G14)/IF(I14="diaria",1,IF(I14="semanal",7,IF(I14="quincenal",15.2,30.4))))))) | O14: =IF(F14="","",MAX(0,N14*K14-M14)) | P14: =IF(F14="","",IF(N14>=J14,"",G14+ROUND((N14+1)*IF(I14="diaria",1,IF(I14="semanal",7,IF(I14="quincenal",15.2,30.4))),0)))
D15: =IF(F15="","",MAX(0,L15-M15)) | L15: =IF(F15="","",K15*J15) | M15: =IF(F15="","",SUMIF(Abonos!$B$2:$B$2000,F15,Abonos!$C$2:$C$2000)) | N15: =IF(F15="","",MIN(J15,MAX(0,INT((TODAY()-G15)/IF(I15="diaria",1,IF(I15="semanal",7,IF(I15="quincenal",15.2,30.4))))))) | O15: =IF(F15="","",MAX(0,N15*K15-M15)) | P15: =IF(F15="","",IF(N15>=J15,"",G15+ROUND((N15+1)*IF(I15="diaria",1,IF(I15="semanal",7,IF(I15="quincenal",15.2,30.4))),0)))
D16: =IF(F16="","",MAX(0,L16-M16)) | L16: =IF(F16="","",K16*J16) | M16: =IF(F16="","",SUMIF(Abonos!$B$2:$B$2000,F16,Abonos!$C$2:$C$2000)) | N16: =IF(F16="","",MIN(J16,MAX(0,INT((TODAY()-G16)/IF(I16="diaria",1,IF(I16="semanal",7,IF(I16="quincenal",15.2,30.4))))))) | O16: =IF(F16="","",MAX(0,N16*K16-M16)) | P16: =IF(F16="","",IF(N16>=J16,"",G16+ROUND((N16+1)*IF(I16="diaria",1,IF(I16="semanal",7,IF(I16="quincenal",15.2,30.4))),0)))
D17: =IF(F17="","",MAX(0,L17-M17)) | L17: =IF(F17="","",K17*J17) | M17: =IF(F17="","",SUMIF(Abonos!$B$2:$B$2000,F17,Abonos!$C$2:$C$2000)) | N17: =IF(F17="","",MIN(J17,MAX(0,INT((TODAY()-G17)/IF(I17="diaria",1,IF(I17="semanal",7,IF(I17="quincenal",15.2,30.4))))))) | O17: =IF(F17="","",MAX(0,N17*K17-M17)) | P17: =IF(F17="","",IF(N17>=J17,"",G17+ROUND((N17+1)*IF(I17="diaria",1,IF(I17="semanal",7,IF(I17="quincenal",15.2,30.4))),0)))
... D201: =IF(F201="","",MAX(0,L201-M201)) | L201: =IF(F201="","",K201*J201) | M201: =IF(F201="","",SUMIF(Abonos!$B$2:$B$2000,F201,Abonos!$C$2:$C$2000)) | N201: =IF(F201="","",MIN(J201,MAX(0,INT((TODAY()-G201)/IF(I201="diaria",1,IF(I201="semanal",7,IF(I201="quincenal",15.2,30.4))))))) | O201: =IF(F201="","",MAX(0,N201*K201-M201)) | P201: =IF(F201="","",IF(N201>=J201,"",G201+ROUND((N201+1)*IF(I201="diaria",1,IF(I201="semanal",7,IF(I201="quincenal",15.2,30.4))),0)))
A204: Totales | D204: =SUM(D2:D201) | H204: =SUM(H2:H201) | M204: =SUM(M2:M201) | O204: =SUM(O2:O201)

Sheet Abonos
A1: fecha | B1: folio | C1: monto | D1: forma_de_pago | E1: nota
A2: 46279 | B2: P-001 | C2: 520 | D2: efectivo
A3: 46286 | B3: P-001 | C3: 520 | D3: efectivo
A4: 46293 | B4: P-001 | C4: 520 | D4: transferencia
A5: 46300 | B5: P-001 | C5: 520 | D5: efectivo
A6: 46307 | B6: P-001 | C6: 520 | D6: efectivo
A7: 46238 | B7: P-002 | C7: 1200 | D7: efectivo | E7: diez días juntos
A8: 46254 | B8: P-002 | C8: 600 | D8: efectivo | E8: pago incompleto
A9: 46265 | B9: P-003 | C9: 1180 | D9: transferencia
A10: 46280 | B10: P-003 | C10: 1180 | D10: transferencia
A11: 46295 | B11: P-003 | C11: 1180 | D11: transferencia
A12: 46204 | B12: P-004 | C12: 2450 | D12: depósito
A13: 46235 | B13: P-004 | C13: 2450 | D13: depósito
A14: 46266 | B14: P-004 | C14: 2450 | D14: depósito
A15: 46296 | B15: P-004 | C15: 2450 | D15: depósito

Sheet Cómo se usa
A1: Cómo se usa esta hoja
A3: Un renglón por préstamo, no por persona: quien tiene dos préstamos lleva dos folios, porque
A4: cada uno tiene su fecha, su frecuencia y su pago.
A6: La frecuencia puede ser diaria, semanal, quincenal o mensual. El pago fijo y el número de pagos
A7: son los que pactaste; si no sabes cuánto sale cada pago, sácalo antes con la calculadora de
A8: préstamos o con la tabla de amortización.
A10: Cada abono se anota una sola vez en la pestaña Abonos, con el folio del préstamo. La hoja suma
A11: lo abonado de cada folio. Un pago incompleto se anota tal cual: el atraso lo refleja solo.
A13: Las dos columnas que importan cada mañana: «pagos que ya tocaban» (cuántos pagos debería llevar
A14: hoy, según la fecha de entrega y la frecuencia) y «atraso» (lo que debió pagar a hoy menos lo
A15: que pagó). Ordena por atraso y ésa es la lista del día.
A17: El saldo (columna D) es lo que falta del total pactado. Las cinco primeras columnas son las que
... A23: Makatea recuerda, registra y comunica. No mueve dinero.
